 Dungeon Crawl Stone Soup version 0.23.2-1-ga50397a6bc (webtiles) character file.

Game seed: 16224026196676835907

874 Peloso the Slasher (level 7, 0/63 HPs)
             Began as a Minotaur Fighter on Apr 14, 2019.
             Slain by a sky beast (5 damage)
             ... on level 4 of the Dungeon.
             The game lasted 00:06:04 (3000 turns).

Peloso the Slasher (Minotaur Fighter)               Turns: 3000, Time: 00:06:05

Health: 0/63       AC: 12    Str: 21    XL:     7   Next: 74%
Magic:  6/6        EV:  6    Int:  5    God:
Gold:   188        SH: 10    Dex: 11    Spells: 6/6 levels left

rFire    . . .     SeeInvis .   a - +0 long sword
rCold    . . .     Gourm    .   c - +0 shield
rNeg     . . .     Faith    .   e - +0 chain mail
rPois    .         Spirit   .   (helmet restricted)
rElec    .         Reflect  .   i - +0 cloak
rCorr    .         Harm     .   (no gloves)
MR       .....                  m - +0 pair of boots
Stlth    ..........             (no amulet)
HPRegen  0.20/turn              (no ring)
MPRegen  0.10/turn              (no ring)

@: no status effects
A: retaliatory headbutt, horns 2
a: no special abilities


You were on level 4 of the Dungeon.
You were not hungry.

You visited 1 branch of the dungeon, and saw 4 of its levels.

You collected 188 gold pieces.

Inventory:

Hand Weapons
 a - a +0 long sword (weapon)
Armour
 b - a +0 scale mail
 c - a +0 shield (worn)
 e - a +0 chain mail (worn)
 i - a +0 cloak (worn)
 m - a +0 pair of boots (worn)
Scrolls
 g - a scroll of identify
 h - a scroll of immolation {unknown}
 j - 2 scrolls of teleportation {unknown}
 l - 3 scrolls of magic mapping {unknown}
 n - a scroll of enchant weapon {unknown}
 p - a scroll of amnesia {unknown}
Potions
 d - a potion of might
 k - 3 potions of haste
 o - 2 potions of cancellation
 s - a potion of brilliance {unknown}
Comestibles
 f - 10 rations


   Skills:
 + Level 6.0 Fighting
 + Level 7.2 Long Blades
 + Level 5.5 Armour
 + Level 1.3 Dodging
 + Level 0.1 Stealth
 + Level 5.8 Shields


You had 6 spell levels left.
You didn't know any spells.
Your spell library was empty.

Dungeon Overview and Level Annotations

Branches:
Dungeon (4/15)             Temple (0/1) D:4

Altars:
Ashenzari
Fedhas


Innate Abilities, Weirdness & Mutations

You reflexively headbutt those who attack you in melee.
You have a pair of horns on your head.


Message History

You miss something.
You block the leopard gecko skeleton's attack.
Something hits you.
* * * LOW HITPOINT WARNING * * *
Something shocks you.
* * * LOW HITPOINT WARNING * * *
You completely miss something. Your headbutt misses something.
The leopard gecko skeleton bites you but does no damage.
Something hits you.
* * * LOW HITPOINT WARNING * * *
Something shocks you.
* * * LOW HITPOINT WARNING * * *
You block the leopard gecko skeleton's attack.
Something hits you but does no damage.
It was a potion of magic.
Magic courses through your body.
You block the leopard gecko skeleton's attack.
Something hits you.
* * * LOW HITPOINT WARNING * * *
Something shocks you.
You die...

#.....#....#....
##....##...##...
#.....##...##...
######..........##...
#....##..........#...
#....#...........')..
#....'...........#...
#....#.....<....##.[.
#...@##.##+##...#####
#...Z##.# ##+##
#........ #.>......#
#........# #.......#
#########


You could see a leopard gecko skeleton.

Vanquished Creatures
  Grinder (D:4)
  Sigmund (D:4)
  2 ogres (D:4)
  A hound (D:4)
  An orc wizard (D:4)
  Jessica (D:2)
  Natasha (twice) (D:2)
  Robin (D:2)
  6 gnolls
  5 adders
  An ooze (D:2)
  3 worms
  A dart slug (D:1)
  4 leopard geckos
  6 orcs
  10 bats
  11 goblins
  6 hobgoblins
  3 jackals (D:4)
  7 kobolds
  2 quokkas
  A ball python (D:4)
  4 frilled lizards
  5 rats
85 creatures vanquished.

Notes
Turn   | Place    | Note
-------+----------+-------------------------------------------
     0 | D:1      | Peloso the Minotaur Fighter began the quest for the Orb.
     0 | D:1      | Reached XP level 1. HP: 19/19 MP: 0/0
   110 | D:1      | Reached XP level 2. HP: 27/27 MP: 1/1
   508 | D:2      | Reached XP level 3. HP: 31/33 MP: 2/2
   673 | D:2      | Found a shattered altar of Ashenzari.
   689 | D:2      | Noticed Natasha
   699 | D:2      | Killed Natasha
   699 | D:2      | Reached skill level 3 in Long Blades
   701 | D:2      | Reached XP level 4. HP: 13/41 MP: 3/3
  1069 | D:2      | Noticed Jessica
  1076 | D:2      | Killed Jessica
  1169 | D:2      | Noticed Robin
  1213 | D:2      | Killed Robin
  1504 | D:2      | Reached XP level 5. HP: 47/47 MP: 4/4
  1655 | D:2      | Noticed Natasha
  1673 | D:2      | Reached skill level 4 in Long Blades
  1680 | D:2      | Reached skill level 5 in Fighting
  1685 | D:2      | Killed Natasha
  1685 | D:2      | Reached skill level 1 in Dodging
  2285 | D:3      | Found a blossoming altar of Fedhas.
  2443 | D:4      | Noticed Sigmund
  2469 | D:4      | Killed Sigmund
  2469 | D:4      | Reached skill level 5 in Long Blades
  2469 | D:4      | Reached skill level 5 in Armour
  2469 | D:4      | Reached skill level 5 in Shields
  2469 | D:4      | Reached XP level 6. HP: 43/56 MP: 5/5
  2657 | D:4      | Found a staircase to the Ecumenical Temple.
  2783 | D:4      | Reached skill level 6 in Long Blades
  2783 | D:4      | Reached XP level 7. HP: 62/62 MP: 6/6
  2880 | D:4      | Noticed Grinder
  2891 | D:4      | Paralysed by Grinder for 6 turns
  2912 | D:4      | Killed Grinder
  2912 | D:4      | Reached skill level 7 in Long Blades
  3000 | D:4      | Slain by a sky beast

Skill      XL: |  1  2  3  4  5  6  7 |
---------------+----------------------+-----
Armour         | 4 5 |  5.5
Fighting       | 4 5 6 |  6.0
Shields        | 4 5 |  5.8
Long Blades    | 3 5 6 7 |  7.2
Dodging        | 1 |  1.3
Stealth        | |  0.1

Action                   |  1- 3 |  4- 6 |  7- 9 || total
-------------------------+-------+-------+-------++-------
Melee: Long sword        |    72 |   156 |    33 ||   261
       Headbutt          |    12 |    21 |     4 ||    37
  Use: Scroll            |       |     2 |       ||     2
       Potion            |       |       |     1 ||     1
  Eat: Chunk             |       |     6 |     1 ||     7
Armor: Chain mail        |    58 |   107 |    16 ||   181
       Scale mail        |     1 |       |       ||     1
Dodge: Dodged            |    19 |    38 |     3 ||    60
Block: Shield            |    56 |    93 |    14 ||   163
       Rpst.: Long sword |    10 |    10 |       ||    20
